 Dungeon Crawl Stone Soup version 0.26-a0-668-gd58323b419 (webtiles) character file.

Game seed: 12551453633151912304

11138 heikuro the Cleaver (level 12, -1/84 HPs)
             Began as a Formicid Abyssal Knight on Oct 18, 2020.
             Was a High Priest of Lugonu.
             Slain by an eight-headed hydra (12 damage)
             ... on level 10 of the Dungeon.
             The game lasted 00:23:53 (13468 turns).

heikuro the Cleaver (Formicid Abyssal Knight)      Turns: 13468, Time: 00:23:54

Health: -1/84      AC: 14    Str: 27    XL:     12   Next: 4%
Magic:  17/18      EV:  8    Int: 13    God:    Lugonu [*****.]
Gold:   639        SH: 16    Dex: 10    Spells: 11/11 levels left

rFire    + . .     SeeInvis +   q - +2 whip (venom)
rCold    . . .     Faith    .   G - +0 kite shield
rNeg     . . .     Spirit   .   b - +1 chain mail {rPois}
rPois    +         Reflect  +   (helmet unavailable)
rElec    .         Harm     .   w - +0 cloak
rCorr    .         Rampage  .   g - +0 pair of gloves
MR       +....                  (no boots)
Stlth    ..........             r - amulet of reflection
HPRegen  0.24/turn              m - +6 ring of strength
MPRegen  0.16/turn              f - +4 ring of slaying

@: no status effects
A: permanent stasis, dig shafts and tunnels, four strong arms, antennae 3, fire
resistance 1, frail 1, no potion heal 1
a: Dig, Shaft Self, Depart the Abyss, Bend Space, Banish, Corrupt, Enter the
Abyss, Renounce Religion


You were on level 10 of the Dungeon.
You worshipped Lugonu.
Lugonu was extremely pleased with you.
You visited 2 branches of the dungeon, and saw 12 of its levels.
You visited the Abyss 1 time.

You collected 639 gold pieces.

Inventory:

Hand Weapons
 a - a +0 battleaxe
 q - a +2 whip of venom (weapon)
 T - a +3 halberd
 U - a +4 whip of electrocution
Missiles
 k - a throwing net
 D - 25 poisoned darts (quivered)
 J - 7 silver boomerangs
Armour
 b - a +1 chain mail of poison resistance (worn)
 g - a +0 pair of gloves (worn)
 t - a +1 chain mail of fire resistance
 w - a +0 cloak (worn)
 G - a +0 kite shield (worn)
Jewellery
 f - a +4 ring of slaying (right hand)
 i - an uncursed amulet of regeneration
 j - an uncursed ring of positive energy
 l - an uncursed ring of poison resistance
 m - a +6 ring of strength (left hand)
 o - an uncursed ring of positive energy
 r - an amulet of reflection (around neck)
 s - a +4 ring of evasion
 I - a +4 ring of evasion
 M - a +6 ring of strength
Wands
 y - a wand of polymorph (7)
 A - a wand of acid (2)
 F - a wand of disintegration (16)
 K - a wand of iceblast (8)
 R - a wand of digging (9)
 S - a wand of flame (18)
 V - a wand of paralysis (6)
Scrolls
 c - 5 scrolls of remove curse
 d - 2 scrolls of fear {unknown}
 n - 2 scrolls of enchant armour {unknown}
 u - a scroll of magic mapping {unknown}
 x - a scroll of silence {unknown}
 C - 3 scrolls of blinking {unknown}
 E - 4 scrolls of noise {unknown}
 H - 2 scrolls of fog {unknown}
 L - 3 scrolls of immolation {unknown}
 P - a scroll of amnesia {unknown}
 Q - 2 scrolls of enchant weapon
Potions
 e - 3 potions of stabbing
 h - a potion of lignification
 p - 2 potions of brilliance
 v - 2 potions of heal wounds
 z - a potion of flight
 B - a potion of ambrosia
 N - a potion of curing
 O - a potion of cancellation {unknown}


   Skills:
 + Level 8.5 Fighting
 * Level 10.4 Axes
   Level 4.0 Slings
 + Level 8.1 Armour
 - Level 1.0 Dodging
 + Level 7.6 Shields
 + Level 9.1 Invocations
 + Level 4.4 Evocations


You had 11 spell levels left.
You didn't know any spells.
Your spell library contained the following spells:

 Spells                   Type           Power        Failure   Level
 Animate Skeleton         Necr           #.....       90%         1
 Apportation              Tloc           #.....       90%         1
 Corona                   Hex            #......      90%         1
 Summon Small Mammal      Summ           #...         90%         1
 Poisonous Vapours        Pois/Air       #.....       97%         2
 Conjure Flame            Conj/Fire      #.......     99%         3
 Mephitic Cloud           Conj/Pois/Air  #.......     99%         3
 Freezing Cloud           Conj/Ice/Air   #.........   100%        6


Dungeon Overview and Level Annotations

Branches:
Dungeon (11/15)            Temple (1/1) D:6            Lair (0/6) D:10
    Orc (0/2) D:9

Altars:
Ashenzari
Cheibriados
Dithmenos
Elyvilon
Fedhas
Gozag
Hepliaklqana
Kikubaaqudgha
Makhleb
Nemelex Xobeh
Okawaru
Qazlal
Ru
Sif Muna
Trog
Uskayaw
Vehumet
Wu Jian
Xom
Yredelemnul
Zin
The Shining One


Innate Abilities, Weirdness & Mutations

You cannot be hasted, slowed, berserked, paralysed or teleported.
You can dig through walls and to a lower floor.
Your four strong arms can wield two-handed weapons with a shield.
You have a pair of large antennae on your head. (SInv)
Your flesh is heat resistant. (rF+)
You are frail. (-10% HP)
Potions are less effective at restoring your health.


Message History

The bolt of acid hits the eight-headed hydra!
The eight-headed hydra is splashed with acid.
The eight-headed hydra seems to be corroded for longer.
The eight-headed hydra is severely wounded.
Evoke which item? (* to show all) (? for menu, Esc to quit)
Aiming: Corrosive Bolt
Press: ? - help, Shift-Dir - straight line, f/p - eight-headed hydra
Aim: an eight-headed hydra (severely wounded, covered in acid)
The bolt of acid hits the eight-headed hydra.
The eight-headed hydra is splashed with acid.
The eight-headed hydra seems to be corroded for longer.
The eight-headed hydra is almost dead.
You block the eight-headed hydra's attack. x2
The eight-headed hydra bites you but does no damage.
The eight-headed hydra bites you!
* * * LOW HITPOINT WARNING * * *
You block the eight-headed hydra's attack. x2
The eight-headed hydra bites you but does no damage.
The eight-headed hydra bites you!
You die...

.........'.......###
.........#.........#
#.......##.###.###>#
##.....###.# #.#...#
##...## #.# #.....#
##+## #.# ###...#
#.# #.# ##..# ####.#
#.######..#
...#.#####.....D@..#
.#........#######.##
.#.....##.# #.#
........#.# #.#
##...##.#.#######.#
##..###...........#
....#####.#########
###.......#
#########


You could see an eight-headed hydra (corroded).

Vanquished Creatures
  Harold (D:8)
  A boulder beetle (D:11)
  4 skeletal warriors (D:11)
  An unseen horror (D:11)
  An elephant (D:9)
  A kobold demonologist (D:11)
  A troll (D:7)
  6 yaks (D:9)
  A wyvern (D:11)
  A basilisk (D:9)
  A black bear (D:9)
  2 orc warriors
  2 ice beasts
  3 sky beasts
  5 centaurs
  2 phantoms
  3 necrophages (D:7)
  7 ogres
  5 bullfrogs
  A big kobold (D:8)
  2 wyvern skeletons
  A gnoll sergeant (D:10)
  3 scorpions
  6 killer bees (D:9)
  3 wights (D:10)
  4 howler monkeys
  A bullfrog zombie (D:7)
  2 centaur zombies
  A lava snake (D:8)
  2 hounds
  A quasit (D:10)
  3 jellies
  2 bullfrog skeletons (D:4)
  8 orc priests
  10 orc wizards
  2 centaur skeletons
  Jessica (D:3)
  5 iguanas
  8 worker ants
  2 howler monkey zombies (D:7)
  Robin (D:3)
  12 gnolls
  11 adders
  2 shadow imps
  4 white imps
  2 ufetubi
  An adder zombie (D:7)
  2 worms
  2 dart slugs
  7 leopard geckos
  38 orcs
  5 bats
  9 giant cockroaches
  7 hobgoblins
  11 jackals
  A quokka (D:2)
  3 ball pythons
  3 frilled lizards
  18 goblins
  16 kobolds
  3 leopard gecko skeletons
  8 rats
  3 bushes (D:7)
285 creatures vanquished.

Vanquished Creatures (others)
  12 plants
12 creatures vanquished.

Grand Total: 297 creatures vanquished

Notes
Turn   | Place    | Note
-------+----------+-------------------------------------------
     0 | Abyss:1  | heikuro the Formicid Abyssal Knight began the quest for the
                  | Orb.
     0 | Abyss:1  | Reached XP level 1. HP: 18/18 MP: 2/2
   102 | Abyss:1  | Reached skill level 1 in Dodging
   185 | Abyss:1  | Noticed an orange demon
   186 | D:1      | Escaped the Abyss
   225 | D:1      | Reached XP level 2. HP: 18/24 MP: 3/3
   505 | D:1      | Reached XP level 3. HP: 27/29 MP: 4/4
   889 | D:1      | Found a shimmering altar of Xom.
   891 | D:1      | Found a sparkling altar of Nemelex Xobeh.
   891 | D:1      | Found a broken altar of Ashenzari.
   893 | D:1      | Found a white marble altar of Elyvilon.
   893 | D:1      | Found a shimmering altar of Xom.
   893 | D:1      | Found a radiant altar of Vehumet.
  1418 | D:2      | Found a sacrificial altar of Ru.
  1434 | D:2      | Found a glowing golden altar of the Shining One.
  1460 | D:2      | Reached * piety under Lugonu
  1753 | D:2      | Found a hide-covered altar of Uskayaw.
  1857 | D:2      | Reached XP level 4. HP: 32/37 MP: 6/6
  1864 | D:2      | Reached skill level 3 in Axes
  2353 | D:3      | Noticed Robin
  2363 | D:3      | Reached XP level 5. HP: 41/42 MP: 7/7
  2372 | D:3      | Noticed Jessica
  2378 | D:3      | Killed Robin
  2665 | D:3      | Reached ** piety under Lugonu
  3174 | D:3      | Killed Jessica
  3174 | D:3      | Reached skill level 1 in Slings
  3475 | D:4      | Reached XP level 6. HP: 31/48 MP: 8/8
  3725 | D:4      | Noticed an ogre
  3800 | D:4      | Noticed a phantom
  3869 | D:3      | Killed a phantom
  3869 | D:3      | Reached skill level 4 in Axes
  4192 | D:4      | Reached XP level 7. HP: 51/55 MP: 10/10
  4511 | D:4      | Found a sparkling altar of Nemelex Xobeh.
  4760 | D:4      | Found a sparkling altar of Nemelex Xobeh.
  5092 | D:5      | Entered Level 5 of the Dungeon
  5253 | D:5      | Reached skill level 5 in Axes
  5255 | D:5      | Reached skill level 1 in Shields
  5255 | D:5      | Reached XP level 8. HP: 61/61 MP: 11/11
  5259 | D:5      | Found a broken altar of Ashenzari.
  5431 | D:5      | Reached skill level 5 in Fighting
  6001 | D:6      | Reached skill level 5 in Invocations
  6089 | D:6      | Reached *** piety under Lugonu
  6250 | D:6      | Found a shimmering blue altar of Sif Muna.
  6293 | D:6      | Found an ornate altar of the Wu Jian Council.
  6498 | D:6      | Found a staircase to the Ecumenical Temple.
  6541 | Temple   | Entered the Ecumenical Temple
  6719 | D:6      | Reached skill level 6 in Axes
  7182 | D:7      | Reached XP level 9. HP: 58/68 MP: 13/13
  7218 | D:7      | Reached skill level 5 in Armour
  7286 | D:7      | Found a radiant altar of Vehumet.
  7370 | D:7      | Found a hazy altar of Hepliaklqana.
  7567 | D:7      | Found a blossoming altar of Fedhas.
  7877 | D:7      | Reached skill level 7 in Axes
  7925 | D:8      | Noticed a troll
  7943 | D:7      | Killed a troll
  8080 | D:7      | Reached **** piety under Lugonu
  8127 | D:8      | Noticed Harold
  8141 | D:8      | Killed Harold
  8141 | D:8      | Reached skill level 8 in Axes
  8141 | D:8      | Reached XP level 10. HP: 28/77 MP: 13/15
  8145 | D:8      | Gained mutation: You are frail. (-10% HP) [potion of
                  | mutation]
  8145 | D:8      | Gained mutation: Potions are less effective at restoring
                  | your health. [potion of mutation]
  8145 | D:8      | Gained mutation: Your flesh is heat resistant. (rF+)
                  | [potion of mutation]
  8160 | D:8      | HP: 3/69 [poisoned by Harold]
  8165 | D:8      | Reached skill level 5 in Shields
  9404 | D:9      | Found a burning altar of Makhleb.
  9404 | D:9      | Found a bloodstained altar of Trog.
  9404 | D:9      | Found a glowing silver altar of Zin.
  9605 | D:9      | Found a staircase to the Orcish Mines.
  9673 | D:9      | Reached ***** piety under Lugonu
  9867 | D:9      | Reached skill level 1 in Evocations
  9977 | D:9      | Reached skill level 9 in Axes
 10241 | D:9      | Found a shadowy altar of Dithmenos.
 10434 | D:10     | Entered Level 10 of the Dungeon
 10577 | D:10     | Reached XP level 11. HP: 75/75 MP: 16/16
 10620 | D:10     | Found a staircase to the Lair.
 10621 | D:10     | Noticed an elephant
 10742 | D:9      | Killed an elephant
 12396 | D:11     | Noticed a boulder beetle
 12434 | D:11     | Killed a boulder beetle
 12522 | D:11     | Noticed a skeletal warrior
 12534 | D:11     | Noticed a skeletal warrior
 12537 | D:11     | Killed a skeletal warrior
 12695 | D:11     | Killed a skeletal warrior
 12695 | D:11     | Reached skill level 10 in Axes
 12717 | D:11     | Noticed a skeletal warrior
 12807 | D:11     | Killed a skeletal warrior
 12809 | D:11     | Noticed a skeletal warrior
 13013 | D:11     | Killed a skeletal warrior
 13281 | D:11     | Noticed an unseen horror
 13284 | D:11     | Noticed a red ugly thing
 13300 | D:11     | Noticed an eight-headed hydra
 13304 | D:11     | Killed an unseen horror
 13304 | D:11     | Reached XP level 12. HP: 49/84 MP: 18/18
 13468 | D:10     | Slain by an eight-headed hydra

Illustrated notes

Levels and vault maps discovered:
D:1:      onia_arrival_mini_spirals, layout_loops_ring, doesnt_xom_only_xom
D:2:      layout_basic, nicolae_overflow_crystal_walls,
          overflow_temple_1_default, nicolae_ru_awakened_eye
D:3:      layout_rooms, st_stairs_9, grunt_ministairs_7, minmay_vboxes,
          uniq_jessica, uniq_robin
D:4:      layout_cave_pools, lemuel_round_altar
D:5:      layout_loops_ring, ashenzari_conservatory_becter
D:6:      layout_basic, kennysheep_mini, led_sif_book, temple_fountains
D:7:      layout_rooms, old_standard_altar, lemuel_crystal_altar,
          nicolae_sextant, fedhas_altar_decomposition
D:8:      layout_rooms, kennysheep_generic_room_4, uniq_harold
D:9:      layout_loops_ring, lemuel_doored_altar,
          gammafunk_temple_overflow_claw, orc_0_dummy
D:10:     layout_loops_corners, david_lair_generic
D:11:     layout_loops_ring, hangedman_decor_points
Temple:   eino_wide_crystal_templ

Skill      XL: |  1  2  3  4  5  6  7  8  9 10 11 |
---------------+----------------------------------+-----
Dodging        | 1 |  1.0
Axes           | 3 4 5 6 8 9 10 | 10.4
Invocations    | 3 4 5 6 7 9 |  9.1
Armour         | 3 4 6 7 8 |  8.1
Fighting       | 4 5 6 7 8 |  8.5
Slings         | 1 2 3 4 |  4.0
Shields        | 1 2 4 6 7 |  7.6
Evocations     | 2 4 |  4.4

Action                   |  1- 3 |  4- 6 |  7- 9 | 10-12 || total
-------------------------+-------+-------+-------+-------++-------
Melee: Hand axe          |   100 |   162 |    10 |       ||   272
       Unarmed           |       |    17 |       |       ||    17
       Whip              |       |     6 |   138 |   424 ||   568
       Battleaxe         |       |       |   168 |    70 ||   238
       Halberd           |       |       |    40 |       ||    40
 Fire: Hunting sling     |       |    25 |       |       ||    25
Throw: Dart              |       |       |    21 |    14 ||    35
Invok: Depart the Abyss  |     1 |       |       |       ||     1
       Bend Space        |       |       |     4 |     3 ||     7
 Abil: Dig               |       |       |       |     1 ||     1
Evoke: Wand              |       |       |       |     5 ||     5
  Use: Scroll            |       |     4 |     4 |     4 ||    12
       Potion            |       |       |       |     6 ||     6
Armor: Leather armour    |    18 |       |       |       ||    18
       Chain mail        |    13 |   127 |   180 |   134 ||   454
Dodge: Dodged            |    66 |   104 |   110 |   120 ||   400
Block: Kite shield       |       |       |   174 |   321 ||   495
       Reflection        |       |       |       |    12 ||    12

Table legend: (Time is in decaauts)
 A = Elapsed time spent in this place.
 B = Non-inter-level travel time spent in this place.
 C = Inter-level travel time spent in this place.
 D = Time resting spent in this place.
 E = Time spent auto-exploring this place.
 F = Levels seen in this place.
 G = Mean time per level.
                   A        B        C        D        E       F      G
               +--------+--------+--------+--------+--------+-----+--------+
         Total |  13557 |  13046 |    511 |   3767 |   6064 |  13 | 1042.8 |
       Dungeon |  13299 |  12809 |    490 |   3689 |   5922 |  11 | 1209.0 |
        Temple |     71 |     50 |     21 |      0 |     49 |   1 |   71.0 |
         Abyss |    186 |    186 |      0 |     78 |     93 |   1 |  186.0 |
               +--------+--------+--------+--------+--------+-----+--------+

Top non-repeatable levels by time:
     D:9: 1943 daAuts
    D:10: 1732 daAuts
     D:3: 1461 daAuts
     D:4: 1406 daAuts
     D:2: 1146 daAuts
     D:6: 1145 daAuts
     D:8: 1092 daAuts
     D:7: 1056 daAuts
     D:1: 931 daAuts
     D:5: 787 daAuts
    D:11: 594 daAuts
 Abyss:1: 186 daAuts
  Temple: 71 daAuts
